TOP OF THE 1ST |
Calgary Cowboys batting - Pitching for Gresham Gold Souls : RHP William Tagg
|
Pitching: RHP William Tagg
|
|
Batting: RHB Clark Hodge
|
0-0: Called Strike 0-1: Ball 1-1: Ball 2-1: Ground out 4-3 (Groundball, 4M)
|
Batting: RHB Mike Wilcox
|
0-0: Called Strike 0-1: Foul Ball, location: 2F 0-2: Ball 1-2: Foul Ball, location: 2F 1-2: Fly out, F9 (Flyball, 89M)
|
Batting: RHB Ramón Martínez
|
0-0: Ball 1-0: Ball 2-0: Foul Ball, location: 2F 2-1: Ball 3-1: Swinging Strike 3-2: Base on Balls
|
Batting: RHB Cristián Peña
|
0-0: Ball 1-0: Ball 2-0: Called Strike 2-1: Ball 3-1: Base on Balls Ramón Martínez to second
|
Batting: RHB Dan Wyatt
|
0-0: Ground out 6-3 (Groundball, 6)
|
Top of the 1st over - 0 run(s), 0 hit(s), 0 error(s), 2 left on base; Calgary 0 - Gresham 0 |
BOTTOM OF THE 1ST |
Gresham Gold Souls batting - Pitching for Calgary Cowboys : RHP Arthur Benson
|
Pitching: RHP Arthur Benson
|
|
Batting: LHB Mike Young
|
0-0: Ground out 6-3 (Groundball, 6M)
|
Batting: RHB Carlos García
|
0-0: Called Strike 0-1: Ball 1-1: Called Strike 1-2: Ball 2-2: SINGLE (Line Drive, 34D)
|
Batting: RHB Lorenzo Morín
|
0-0: Ball 1-0: Foul Ball, location: 2F 1-1: Ball 2-1: Swinging Strike 2-2: DOUBLE (Line Drive, 5D) Carlos García to third Runner from 3rd tries for Home, SAFE, no throw or cutoff
|
Batting: RHB Lorenzo Guzmán
|
0-0: Fly out, F9 (Flyball, 9M)
|
Batting: RHB Pablo Lucero
|
0-0: Ball 1-0: Ground out 6-3 (Groundball, 6)
|
Bottom of the 1st over - 1 run(s), 2 hit(s), 0 error(s), 1 left on base; Calgary 0 - Gresham 1 |
TOP OF THE 2ND |
Calgary Cowboys batting - Pitching for Gresham Gold Souls : RHP William Tagg
|
Batting: RHB Mario Sánchez
|
0-0: Ball 1-0: Ball 2-0: Called Strike 2-1: DOUBLE (Line Drive, 5)
|
Batting: RHB Derek Carr
|
0-0: Ball 1-0: Ball 2-0: SINGLE (Groundball, 34D) Mario Sánchez to third Runner from 3rd tries for Home, SAFE, throw made home Derek Carr to second
|
Batting: LHB Freddy Herrera
|
0-0: Ball 1-0: SINGLE (Flyball, 7S) Derek Carr to third
|
Batting: RHB Tom Yarbrough
|
0-0: Ball 1-0: Ball 2-0: Fielders Choice at 2nd, 6-4 (Groundball, 6M) Derek Carr scores
|
Batting: RHB Clark Hodge
|
0-0: Ball Tom Yarbrough steals 2nd base 1-0: Foul Ball, location: 2F 1-1: Ball 2-1: Foul Ball, location: 2F 2-2: Ball 3-2: Ground out 5-3 (Groundball, 15S) Tom Yarbrough to third
|
Batting: RHB Mike Wilcox
|
0-0: Foul Ball, location: 2F 0-1: Reached on error, E6 (Groundball, 6) Tom Yarbrough scores
|
Batting: RHB Ramón Martínez
|
0-0: SINGLE (Groundball, 56D) Mike Wilcox to second
|
Batting: RHB Cristián Peña
|
0-0: Called Strike 0-1: Called Strike 0-2: Ball 1-2: SINGLE (Line Drive, 56D) Mike Wilcox to third Ramón Martínez to second Runner from 3rd tries for Home, SAFE, no throw or cutoff
|
Batting: RHB Dan Wyatt
|
0-0: Ball 1-0: Ball 2-0: Ball 3-0: Swinging Strike 3-1: Base on Balls Ramón Martínez to third Cristián Peña to second
|
Batting: RHB Mario Sánchez
|
0-0: Foul Ball, location: 2F 0-1: Called Strike 0-2: Foul Ball, location: 2F 0-2: Foul Ball, location: 2F 0-2: Ball 1-2: Ball 2-2: Ball 3-2: Strikes out swinging
|
Top of the 2nd over - 4 run(s), 5 hit(s), 1 error(s), 3 left on base; Calgary 4 - Gresham 1 |
BOTTOM OF THE 2ND |
Gresham Gold Souls batting - Pitching for Calgary Cowboys : RHP Arthur Benson
|
Batting: SHB Ryu Kichida
|
0-0: Called Strike 0-1: Ball 1-1: Ball 2-1: Ball 3-1: Base on Balls
|
Batting: RHB Luke McIndoe
|
0-0: Called Strike 0-1: Ball 1-1: Swinging Strike 1-2: SINGLE (Line Drive, 6MD) Ryu Kichida to second
|
Batting: RHB Pablo Castillo
|
0-0: Called Strike 0-1: SINGLE (Groundball, 25) (infield hit) Ryu Kichida to third Luke McIndoe to second
|
Batting: SHB Vicente Martínez
|
0-0: Ball 1-0: Called Strike 1-1: Ball 2-1: Foul Ball, location: 2F 2-2: SINGLE (Groundball, 6M) Ryu Kichida scores Luke McIndoe to third Pablo Castillo to second
|
Batting: LHB Mike Young
|
0-0: Called Strike 0-1: Ball 1-1: Swinging Strike 1-2: Ball 2-2: Ball 3-2: Strikes out looking
|
Batting: RHB Carlos García
|
0-0: Fly out, F2 (Popup, 2RF)
|
Batting: RHB Lorenzo Morín
|
0-0: SINGLE (Line Drive, 78M) Luke McIndoe scores Pablo Castillo to third Vicente Martínez to second Runner from 3rd tries for Home, SAFE, no throw or cutoff
|
Batting: RHB Lorenzo Guzmán
|
0-0: Called Strike 0-1: Called Strike 0-2: Ball 1-2: Strikes out swinging
|
Bottom of the 2nd over - 3 run(s), 4 hit(s), 0 error(s), 2 left on base; Calgary 4 - Gresham 4 |
TOP OF THE 3RD |
Calgary Cowboys batting - Pitching for Gresham Gold Souls : RHP William Tagg
|
Batting: RHB Derek Carr
|
0-0: Ball 1-0: Bunt for hit - play at first, batter safe!
|
Batting: LHB Freddy Herrera
|
0-0: Ball 1-0: Ball 2-0: Foul Ball, location: 2F 2-1: Ball 3-1: Called Strike 3-2: Base on Balls Derek Carr to second
|
Batting: RHB Tom Yarbrough
|
0-0: Ball 1-0: Called Strike 1-1: Called Strike 1-2: Ball 2-2: Ball 3-2: Fly out, F8 (Flyball, 8RXD) Runner from 2nd tags up, SAFE at 3rd, no throw
|
Batting: RHB Clark Hodge
|
0-0: Fielders Choice at 2nd, 6-4 (Groundball, 6M) Derek Carr scores
|
Batting: RHB Mike Wilcox
|
0-0: Fly out, F8 (Flyball, 8RM)
|
Top of the 3rd over - 1 run(s), 1 hit(s), 0 error(s), 1 left on base; Calgary 5 - Gresham 4 |
BOTTOM OF THE 3RD |
Gresham Gold Souls batting - Pitching for Calgary Cowboys : RHP Arthur Benson
|
Batting: RHB Pablo Lucero
|
0-0: Ball 1-0: Ground out 6-3 (Groundball, 6)
|
Batting: SHB Ryu Kichida
|
0-0: Fly out, F7 (Flyball, 78D)
|
Batting: RHB Luke McIndoe
|
0-0: Foul Ball, location: 2F 0-1: Called Strike 0-2: Foul Ball, location: 2F 0-2: Ball 1-2: Ball 2-2: Foul Ball, location: 2F 2-2: Foul Ball, location: 2F 2-2: Foul Ball, location: 2F 2-2: Foul Ball, location: 2F 2-2: Ground out 1-3 (Groundball, 15)
|
Bottom of the 3rd over - 0 run(s), 0 hit(s), 0 error(s), 0 left on base; Calgary 5 - Gresham 4 |
TOP OF THE 4TH |
Calgary Cowboys batting - Pitching for Gresham Gold Souls : RHP William Tagg
|
Batting: RHB Ramón Martínez
|
0-0: Swinging Strike 0-1: Called Strike 0-2: Ball 1-2: Foul Ball, location: 2F 1-2: Strikes out looking
|
Batting: RHB Cristián Peña
|
0-0: Called Strike 0-1: SINGLE (Line Drive, 7S)
|
Batting: RHB Dan Wyatt
|
0-0: Ball 1-0: Called Strike 1-1: Ball 2-1: Ball 3-1: Base on Balls Cristián Peña to second
|
Pitching: RHP Carlos Hendrix
|
|
Batting: RHB Mario Sánchez
|
0-0: Ball 1-0: Swinging Strike 1-1: Grounds into double play, 6-4-3 (Groundball, 6)
|
Top of the 4th over - 0 run(s), 1 hit(s), 0 error(s), 1 left on base; Calgary 5 - Gresham 4 |
BOTTOM OF THE 4TH |
Gresham Gold Souls batting - Pitching for Calgary Cowboys : RHP Arthur Benson
|
Batting: RHB Pablo Castillo
|
0-0: Ball 1-0: SINGLE (Line Drive, 56)
|
Batting: SHB Vicente Martínez
|
0-0: Foul Ball, location: 2F 0-1: Foul Ball, location: 2F 0-2: Fly out, F8 (Flyball, 8LS)
|
Batting: LHB Mike Young
|
0-0: Fielders Choice at 2nd, 3-6 (Groundball, 3)
|
Batting: RHB Carlos García
|
0-0: Called Strike 0-1: Ball 1-1: Ball 2-1: Foul Ball, location: 2F 2-2: Fly out, F7 (Flyball, 7M)
|
Bottom of the 4th over - 0 run(s), 1 hit(s), 0 error(s), 1 left on base; Calgary 5 - Gresham 4 |
TOP OF THE 5TH |
Calgary Cowboys batting - Pitching for Gresham Gold Souls : RHP Carlos Hendrix
|
Batting: RHB Derek Carr
|
0-0: Ball 1-0: Ball 2-0: Foul Ball, location: 2F 2-1: Foul Ball, location: 2F 2-2: Strikes out swinging
|
Batting: LHB Freddy Herrera
|
0-0: Ball 1-0: Called Strike 1-1: Ball 2-1: SINGLE (Line Drive, 6)
|
Batting: RHB Tom Yarbrough
|
0-0: Foul Ball, location: 2F 0-1: Fielders Choice at 2nd, 1-6 (Groundball, 23)
|
Batting: RHB Clark Hodge
|
0-0: Ball 1-0: Swinging Strike 1-1: Ball 2-1: Foul Ball, location: 2F 2-2: Strikes out looking
|
Top of the 5th over - 0 run(s), 1 hit(s), 0 error(s), 1 left on base; Calgary 5 - Gresham 4 |
BOTTOM OF THE 5TH |
Gresham Gold Souls batting - Pitching for Calgary Cowboys : RHP Arthur Benson
|
Batting: RHB Lorenzo Morín
|
0-0: Foul Ball, location: 2F 0-1: Swinging Strike 0-2: Ball 1-2: Ball 2-2: Ball 3-2: Foul Ball, location: 2F 3-2: Foul Ball, location: 2F 3-2: Fly out, F9 (Flyball, 9LM)
|
Batting: RHB Lorenzo Guzmán
|
0-0: Foul Ball, location: 2F 0-1: Swinging Strike 0-2: Ball 1-2: Ground out 6-3 (Groundball, 6)
|
Batting: RHB Pablo Lucero
|
0-0: Foul Ball, location: 2F 0-1: Ball 1-1: Ball 2-1: Foul Ball, location: 2F 2-2: Foul Ball, location: 2F 2-2: Foul Ball, location: 2F 2-2: Ground out 1-3 (Groundball, 13S)
|
Bottom of the 5th over - 0 run(s), 0 hit(s), 0 error(s), 0 left on base; Calgary 5 - Gresham 4 |
TOP OF THE 6TH |
Calgary Cowboys batting - Pitching for Gresham Gold Souls : RHP Carlos Hendrix
|
Batting: RHB Mike Wilcox
|
0-0: Called Strike 0-1: Ball 1-1: Foul Ball, location: 2F 1-2: Ball 2-2: Strikes out swinging
|
Batting: RHB Ramón Martínez
|
0-0: DOUBLE (Flyball, 8LXD)
|
Batting: RHB Cristián Peña
|
0-0: Ball 1-0: Ball 2-0: Reached on error, E6 (Groundball, 6M) Ramón Martínez to third
|
Batting: RHB Dan Wyatt
|
0-0: Swinging Strike 0-1: Ball 1-1: Foul Ball, location: 2F 1-2: Ball 2-2: Strikes out swinging
|
Batting: RHB Mario Sánchez
|
0-0: Called Strike 0-1: Ball 1-1: Ball 2-1: Foul Ball, location: 2F 2-2: SINGLE (Groundball, 6MD) Ramón Martínez scores Cristián Peña to second
|
Batting: RHB Derek Carr
|
0-0: Foul Ball, location: 2F 0-1: Swinging Strike 0-2: Foul Ball, location: 2F 0-2: Ball 1-2: Ball 2-2: Strikes out swinging
|
Top of the 6th over - 1 run(s), 2 hit(s), 1 error(s), 2 left on base; Calgary 6 - Gresham 4 |
BOTTOM OF THE 6TH |
Gresham Gold Souls batting - Pitching for Calgary Cowboys : RHP Arthur Benson
|
Batting: SHB Ryu Kichida
|
0-0: Ball 1-0: DOUBLE (Flyball, 9LD)
|
Batting: RHB Luke McIndoe
|
0-0: Ball 1-0: Ball 2-0: Foul Ball, location: 2F 2-1: Foul Ball, location: 2F 2-2: Ball 3-2: Foul Ball, location: 2F 3-2: SINGLE (Groundball, 56) Ryu Kichida to third
|
Pitching: RHP Eric Bell
|
|
Batting: RHB Pablo Castillo
|
0-0: Ball 1-0: 3-RUN HOME RUN (Flyball, 8LXD), Distance : 420 ft
|
Batting: SHB Vicente Martínez
|
0-0: Called Strike 0-1: Fly out, F9 (Line Drive, 9LD)
|
Batting: LHB Mike Young
|
0-0: Fly out, F6 (Popup, 6MD)
|
Batting: RHB Carlos García
|
0-0: DOUBLE (Flyball, 9LD)
|
Batting: RHB Lorenzo Morín
|
0-0: Called Strike 0-1: 2-RUN HOME RUN (Flyball, 7D), Distance : 389 ft
|
Batting: RHB Lorenzo Guzmán
|
0-0: Ball 1-0: Fly out, F4 (Popup, 4MD)
|
Bottom of the 6th over - 5 run(s), 5 hit(s), 0 error(s), 0 left on base; Calgary 6 - Gresham 9 |
TOP OF THE 7TH |
Calgary Cowboys batting - Pitching for Gresham Gold Souls : RHP Carlos Hendrix
|
Pitching: RHP Ricky Gutiérrez
|
|
Batting: LHB Freddy Herrera
|
0-0: Ball 1-0: Ball 2-0: Called Strike 2-1: Ball 3-1: Base on Balls
|
Batting: RHB Tom Yarbrough
|
0-0: SINGLE (Line Drive, 6MD) Freddy Herrera to second Runner from 2nd tries for 3rd, SAFE, throw made to third Tom Yarbrough to second
|
Batting: RHB Clark Hodge
|
0-0: Called Strike 0-1: Ball 1-1: Ball 2-1: Swinging Strike 2-2: Ball 3-2: Strikes out looking
|
Batting: RHB Mike Wilcox
|
0-0: Ball 1-0: Called Strike 1-1: Ball 2-1: Called Strike 2-2: Ball 3-2: Ground out 4-3 (Groundball, 4M) Freddy Herrera scores Tom Yarbrough to third
|
Batting: RHB Ramón Martínez
|
0-0: Swinging Strike 0-1: Foul Ball, location: 2F 0-2: Strikes out swinging
|
Top of the 7th over - 1 run(s), 1 hit(s), 0 error(s), 1 left on base; Calgary 7 - Gresham 9 |
BOTTOM OF THE 7TH |
Gresham Gold Souls batting - Pitching for Calgary Cowboys : RHP Eric Bell
|
Pitching: RHP Mitsunari Jouda
|
|
Batting: RHB Pablo Lucero
|
0-0: Ball 1-0: Ball 2-0: Ball 3-0: Called Strike 3-1: Base on Balls
|
Batting: SHB Ryu Kichida
|
0-0: Bunted foul 0-1: Bunted foul 0-2: Ball 1-2: Ball 2-2: Ball 3-2: Foul Ball, location: 2F 3-2: Foul Ball, location: 2F 3-2: SINGLE (Groundball, 34) Pablo Lucero to second Pablo Lucero to third
|
Batting: RHB Luke McIndoe
|
0-0: Called Strike 0-1: Ball 1-1: Foul Ball, location: 2F 1-2: Grounds into double play, 2-6-3 (Groundball, 2L)
|
Batting: RHB Pablo Castillo
|
0-0: Ball 1-0: Called Strike 1-1: Called Strike 1-2: Ball 2-2: Ball 3-2: Foul Ball, location: 2F 3-2: Base on Balls
|
Batting: SHB Vicente Martínez
|
0-0: Ball 1-0: Ball 2-0: Ball Pickoff Throw to First - Out!
|
Bottom of the 7th over - 0 run(s), 1 hit(s), 0 error(s), 0 left on base; Calgary 7 - Gresham 9 |
TOP OF THE 8TH |
Calgary Cowboys batting - Pitching for Gresham Gold Souls : RHP Ricky Gutiérrez
|
Batting: RHB Cristián Peña
|
0-0: Called Strike 0-1: Ball 1-1: Swinging Strike 1-2: Ground out 6-3 (Groundball, 6)
|
Batting: RHB Dan Wyatt
|
0-0: Ball 1-0: Swinging Strike 1-1: Ball 2-1: Foul Ball, location: 2F 2-2: Strikes out swinging
|
Pitching: LHP Pepe Caro
|
|
Batting: RHB Mario Sánchez
|
0-0: Ball 1-0: Called Strike 1-1: Swinging Strike 1-2: Strikes out looking
|
Top of the 8th over - 0 run(s), 0 hit(s), 0 error(s), 0 left on base; Calgary 7 - Gresham 9 |
BOTTOM OF THE 8TH |
Gresham Gold Souls batting - Pitching for Calgary Cowboys : RHP Mitsunari Jouda
|
Batting: SHB Vicente Martínez
|
0-0: Called Strike 0-1: Ball 1-1: Swinging Strike 1-2: Fly out, F7 (Flyball, 7M)
|
Pitching: LHP Alfredo Durán
|
|
Batting: LHB Mike Young
|
0-0: Ball 1-0: Ball 2-0: Ball 3-0: Called Strike 3-1: Swinging Strike 3-2: Ground out 1-3 (Groundball, 25)
|
Batting: RHB Carlos García
|
0-0: Called Strike 0-1: Foul Ball, location: 2F 0-2: Ball 1-2: Foul Ball, location: 2F 1-2: Ball 2-2: Ground out 6-3 (Groundball, 6MS)
|
Bottom of the 8th over - 0 run(s), 0 hit(s), 0 error(s), 0 left on base; Calgary 7 - Gresham 9 |
TOP OF THE 9TH |
Calgary Cowboys batting - Pitching for Gresham Gold Souls : LHP Pepe Caro
|
Batting: RHB Derek Carr
|
0-0: Ball 1-0: Called Strike 1-1: Swinging Strike 1-2: Ball 2-2: Ball 3-2: Strikes out looking
|
Batting: LHB Freddy Herrera
|
0-0: Ball 1-0: Foul Ball, location: 2F 1-1: Ball 2-1: Foul Ball, location: 2F 2-2: Foul Ball, location: 2F 2-2: Foul Ball, location: 2F 2-2: Foul Ball, location: 2F 2-2: Strikes out swinging
|
Batting: RHB Tom Yarbrough
|
0-0: Hit by Pitch
|
Batting: RHB Clark Hodge
|
0-0: Called Strike 0-1: Ball 1-1: Ball 2-1: Swinging Strike 2-2: Ball 3-2: Strikes out swinging
|
Top of the 9th over - 0 run(s), 0 hit(s), 0 error(s), 1 left on base; Calgary 7 - Gresham 9 |
|